 Dungeon Crawl Stone Soup version 0.29.1-14-g9c671dbff4 (webtiles) character file.

Game seed: 6486020667948947718

16522 Wobber the Summoner (level 12, -11/94 HPs)
             Began as a Merfolk Summoner on Feb 14, 2023.
             Was a Believer of Ashenzari.
             Mangled by a freezing wraith (28 damage)
             ... on level 10 of the Dungeon.
             The game lasted 01:24:22 (14159 turns).

Wobber the Summoner (Merfolk Summoner)             Turns: 14159, Time: 01:24:23

Health: -11/94     AC: 11    Str:  8    XL:     12   Next: 38%
Magic:  14/23      EV: 16    Int: 20    God:    Ashenzari [**....]
Gold:   968        SH:  0    Dex: 14    Spells: 11/26 levels left

rFire   + . .      SeeInvis +   J - +3 halberd
rCold   x . .      Faith    .   (shield currently unavailable)
rNeg    + . .      Spirit   .   C - +2 robe "Share My Sorrow" {Cun, Range} (curse)
rPois   .          Reflect  .   P - +1 helmet
rElec   +          Harm     .   M - scarf of Desmomancy {repulsion, Cun, Comp} (curse)
rCorr   .          Rampage  .   (no gloves)
Will    .....                   h - +0 pair of boots "Tethered Loss" {Bglg, Range} (curse)
Stlth   ++++......              (no amulet)
HPRegen 0.25/turn               l - ring of Supernal Wisdom {AC+4, Fort, Elem} (curse)
MPRegen 0.18/turn               G - ring "Goseqiga" {Fire rElec rN+}

@: slowed, repel missiles, very slow
A: (nimble swimmer 2), mertail
a: Renounce Religion, Shatter the Chains


You were on level 10 of the Dungeon.
You worshipped Ashenzari.
Ashenzari was pleased with you.
You visited 2 branches of the dungeon, and saw 11 of its levels.
You also visited: Bailey.

You collected 1103 gold pieces.
You spent 135 gold pieces at shops.

Inventory:

Hand Weapons
 a - a +0 trident of flaming
 b - a +5 shortbow of freezing
 e - a +1 dagger of venom
 J - a +3 halberd (weapon)
 O - a +2 vampiric demon blade
Missiles
 c - 17 curare-tipped darts
 d - 64 stones
 k - 14 javelins
 n - 47 poisoned darts
 x - 6 atropa-tipped darts
Armour
 h - the cursed +0 pair of boots "Tethered Loss" (worn) {Bglg, Range}
   (You found it on level 3 of the Dungeon)

   It has a curse which improves the following skills: Beguiling: Conjurations,
   Hexes and Translocations.
   Ranged Combat: Ranged Weapons and Throwing.
 B - +0 swamp dragon scales
 C - the cursed +2 robe "Share My Sorrow" (worn) {Cun, Range}

   It has a curse which improves the following skills: Cunning: Dodging and
   Stealth.
   Ranged Combat: Ranged Weapons and Throwing.
 H - the +2 hat of the Bear Spirit {Spirit, *Rage Will++}
   (You found it on level 7 of the Dungeon)

   Going berserk makes the wearer tougher, and they're slowed less afterward.
   *Rage:     It berserks you when you make melee attacks (+20% chance).
   Will:      It greatly increases your willpower.
 K - a +2 pair of boots
 L - a +0 leather armour of fire resistance
 M - the cursed scarf of Desmomancy (worn) {repulsion, Cun, Comp}
   (You found it on level 8 of the Dungeon)

   It has a curse which improves the following skills: Cunning: Dodging and
   Stealth.
   Companions: Summonings and Necromancy.
 P - a +1 helmet (worn)
Magical Staves
 i - a staff of air
Jewellery
 l - the cursed ring of Supernal Wisdom (left hand) {AC+4, Fort, Elem}
   (You took it off a kobold on level 3 of the Dungeon)

   [ring of protection]

   AC:        It affects your AC (+4).
   It has a curse which improves the following skills: Fortitude: Armour and
   Shields.
   Elements:  Fire Magic, Ice Magic, Air Magic and Earth Magic.
 q - an amulet of faith
 w - an amulet of guardian spirit
 E - the amulet of Ydyumoas {Spirit -Tele Harm Dex+2}
   (You bought it in a shop on level 6 of the Dungeon)

   [amulet of guardian spirit]

   It causes incoming damage to be divided between your reserves of health and
   magic.
   Dex:       It affects your dexterity (+2).
   -Tele:     It prevents most forms of teleportation.
   Harm:      It increases damage dealt and taken.
 G - the ring "Goseqiga" (right hand) {Fire rElec rN+}
   (You took it off a centaur on level 7 of the Dungeon)

   [ring of fire]

   It enhances your fire magic.
   rF:        It protects you from fire.
   rC:        It makes you vulnerable to cold.
   rElec:     It insulates you from electricity.
   rN:        It protects you from negative energy.
 N - a +6 ring of dexterity
Wands
 m - a wand of polymorph (29)
 o - a wand of flame (16)
 r - a wand of roots (14)
 T - a wand of paralysis (7)
Scrolls
 v - 11 scrolls of identify
 y - a scroll of silence
 z - 6 scrolls of teleportation
 I - 2 scrolls of amnesia
 S - a scroll of butterflies
Potions
 f - 3 potions of attraction
 j - 3 potions of lignification
 p - 2 potions of cancellation
 s - 7 potions of flight
 t - a potion of haste
 u - 2 potions of might
 D - 2 potions of mutation
 F - a potion of ambrosia
 Q - a potion of berserk rage
 R - a potion of brilliance


   Skills:
 + Level 8.6 Fighting
 - Level 6.2 Polearms
 + Level 6.4(8.3) Dodging
 + Level 8.3(10.2) Stealth
 + Level 7.5 Spellcasting
 - Level 3.5(4.7) Hexes
 + Level 10.8(12.0) Summonings
 - Level 5.7(7.0) Air Magic
 + Level 4.7 Evocations


You had 11 spell levels left.
You knew the following spells:

 Your Spells              Type           Power      Damage    Failure   Level
a - Summon Small Mammal   Summ           100%       N/A       1%          1
b - Call Canine Familiar  Summ           54%        N/A       1%          3
c - Shock                 Conj/Air       84%        1d8       1%          1
d - Swiftness             Air            35%        N/A       1%          3
e - Summon Lightning Spi  Summ/Air       45%        N/A       1%          4
f - Summon Guardian Gole  Hex/Summ       41%        N/A       1%          3

Your spell library contained the following spells:

 Spells                   Type           Power      Damage    Failure   Level
 Call Imp                 Summ           54%        N/A       1%          2
 Poisonous Vapours        Pois/Air       42%        N/A       3%          2
 Airstrike                Air            17%        2d(3-19)  4%          4
 Beastly Appendage        Tmut           14%        N/A       9%          1
 Sting                    Tmut/Pois      28%        1d4       9%          1
 Wereblood                Tmut           7%         N/A       14%         2
 Spider Form              Tmut/Pois      7%         N/A       26%         3
 Olgreb's Toxic Radiance  Pois           7%         N/A       65%         4


Dungeon Overview and Level Annotations

Branches:
Dungeon (10/15)            Temple (1/1) D:5            Lair (0/5) D:9
    Orc (0/2) D:10         Bailey (visited)

Altars:
Ashenzari
Cheibriados
Dithmenos
Elyvilon
Fedhas
Gozag
Hepliaklqana
Kikubaaqudgha
Makhleb
Nemelex Xobeh
Okawaru
Qazlal
Ru
Sif Muna
Trog
Uskayaw
Vehumet
Wu Jian
Xom
Yredelemnul
Zin
The Shining One

Shops:
D:2 *   D:5 *   D:6 *   D:7 *   D:9 *

Annotations:
D:10 2 runed translucent doors


Innate Abilities, Weirdness & Mutations

((You are very nimble when in or above water. (Stealth+, EV+, Speed+++)))
Your lower body shifts to a powerful aquatic tail in water.


Message History

The floor.
Press: ? - help, v - describe, . - travel
Here: a centaur warrior, wielding a +0 shortbow and quivering stones (lightly wounded, ally target)
A large open translucent door.
As you read the scroll of fear, it crumbles to dust.
You assume a fearsome visage.
The freezing wraith is unaffected.
The centaur warrior looks frightened!
You feel very sick. The freezing wraith closely misses you.
The freezing wraith hits you but does no damage.
Your rat barely misses the freezing wraith.
You feel better.
The freezing wraith hits you but does no damage.
The freezing wraith hits you. The freezing wraith drains your vigour!
You feel yourself slow down.
Your rat bites the freezing wraith but does no damage.
The freezing wraith hits your rat!
Your rat dies!
Your rat's corpse disappears in a puff of smoke!
Casting: Summon Small Mammal (safe; 1% risk of failure)
Confirm with . or Enter, or press ? or * to list all spells.
An electric hum fills the air.
The freezing wraith hits you but does no damage.
The freezing wraith hits you. The freezing wraith drains your vigour!
You feel as though you will be slow longer.
The freezing wraith hits you but does no damage.
The freezing wraith hits you. The freezing wraith drains your vigour!
You feel as though you will be slow longer.
Casting: Summon Lightning Spire (mildly dangerous; 1% risk of failure)
Confirm with . or Enter, or press ? or * to list all spells.
A guardian golem appears, shielding your allies.
Your guardian golem disappears in a puff of smoke!
The freezing wraith hits you. The freezing wraith freezes you!!
You feel a terrible chill!
* * * LOW HITPOINT WARNING * * *
The freezing wraith closely misses you.
You feel better. The freezing wraith hits you!
* * * LOW HITPOINT WARNING * * *
The freezing wraith freezes you!!
You feel a terrible chill!
You die...

### #.# * * ... #.# * *#.. #.#
######## ##..## #.# #......#
.#.....##.###.#..#.######
####.....).........#.........#
#.....######.......#....####.#
#....##8).8##..9.8.#....### ,
#....#8....8#.§W@.........# ,#
#....+......'..)........#.##.#
#....+......').###...........#
#....#8....8#..#....[...#.####
####.##8.:8##..#.#..#...#.#
#..)..######............#.#
..###'# #'###..#....##.##
.##.#.#** #...##.#........#
.#O#.##{ #∆##.#)#......##..#


You could see a freezing wraith (ally target), a friendly guardian golem
(summoned) and a friendly lightning spire (summoned, sheltered).

Vanquished Creatures
  A deep elf pyromancer (D:7)
  Maggie (D:6)
  A yak (D:9)
  An orc warrior (Bailey)
  A phantom (D:5)
  A kobold brigand (D:10)
  A howler monkey (D:5)
  3 hounds
  An iguana (D:4)
  2 orc wizards
  6 adders
  2 dart slugs
  2 orcs
  A bat (D:2)
  An endoplasm (D:3)
  A giant cockroach (D:4)
  A goblin (D:1)
  3 jackals
  A quokka (D:3)
  A ball python (D:4)
  A frilled lizard (D:3)
  4 kobolds
  3 rats
40 creatures vanquished.

Vanquished Creatures (collateral kills)
  2 hydras (D:7)
  2 two-headed ogres (D:10)
  Erica (D:9)
  An ugly thing (D:10)
  A cyclops (D:10)
  A gargoyle (D:10)
  A kobold demonologist (D:10)
  Grinder (D:5)
  Prince Ribbit (D:7)
  A slime creature (D:7)
  13 yaks
  A wyvern (D:9)
  A steam dragon (D:7)
  2 water moccasins
  3 orc warriors
  3 ice beasts
  A black bear (D:6)
  2 sky beasts
  5 ogres
  2 centaurs
  A lemure (D:7)
  2 phantoms
  7 kobold brigands
  3 bullfrogs
  2 necrophages
  2 scorpions
  2 gnoll sergeants
  4 wights (D:7)
  A killer bee (D:7)
  An electric eel (D:9)
  3 hounds
  2 jellies
  2 iguanas
  8 orc wizards
  3 adders
  9 gnolls
  2 shadow imps (D:6)
  3 white imps
  A worm (D:5)
  15 orcs
  2 endoplasms (D:1)
  2 giant cockroaches (D:5)
  4 goblins
  3 hobgoblins
  3 jackals
  20 kobolds
  A quokka (D:5)
  A ball python (D:5)
  3 bats
  5 frilled lizards
  3 rats (D:5)
165 creatures vanquished.

Vanquished Creatures (others)
  A hydra (D:7)
  A two-headed ogre (D:10)
  Pikel (D:7)
  A hellwing (D:10)
  A shadow (D:10)
  A vampire (D:10)
  11 yaks
  An orc warrior (Bailey)
  A centaur (D:7)
  A lemure (D:7)
  5 kobold brigands (Bailey)
  A wight (D:7)
  2 electric eels (D:9)
  An orc priest (D:9)
  A gnoll (D:8)
  An orc (D:9)
  A kobold (D:9)
  27 fungi
  3 plants (D:9)
62 creatures vanquished.

Grand Total: 267 creatures vanquished

Notes
Turn   | Place    | Note
-------+----------+-------------------------------------------
     0 | D:1      | Wobber the Merfolk Summoner began the quest for the Orb.
     0 | D:1      | Reached XP level 1. HP: 13/13 MP: 3/3
   323 | D:1      | Reached XP level 2. HP: 11/20 MP: 0/5
   718 | D:1      | Reached skill level 1 in Fighting
  1148 | D:1      | Found a faded altar of an unknown god.
  1595 | D:2      | Found Agushroe's Assorted Antiques.
  2492 | D:3      | Reached XP level 3. HP: 17/26 MP: 4/6
  3241 | D:3      | Reached XP level 4. HP: 30/33 MP: 3/7
  3315 | D:3      | Learned a level 3 spell: Call Canine Familiar
  3540 | D:4      | Noticed a phantom
  3559 | D:4      | Killed a phantom
  3560 | D:4      | Reached skill level 5 in Summonings
  3560 | D:4      | Reached XP level 5. HP: 39/39 MP: 3/9
  3616 | D:4      | Noticed an ogre
  3635 | D:4      | Killed an ogre
  3636 | D:4      | Reached XP level 6. HP: 47/47 MP: 6/10
  3688 | D:4      | Learned a level 1 spell: Shock
  3692 | D:4      | Learned a level 3 spell: Swiftness
  4003 | D:4      | Reached skill level 1 in Air Magic
  4428 | D:4      | Learned a level 4 spell: Summon Lightning Spire
  4429 | D:5      | Entered Level 5 of the Dungeon
  4436 | D:5      | Reached skill level 6 in Summonings
  4436 | D:5      | Reached XP level 7. HP: 48/52 MP: 8/12
  4777 | D:5      | Noticed Grinder
  4824 | D:5      | Killed Grinder
  5024 | D:5      | Reached XP level 8. HP: 35/60 MP: 8/14
  5317 | D:5      | Found Acimoin's General Store.
  5524 | D:5      | Found a staircase to the Ecumenical Temple.
  5529 | Temple   | Entered the Ecumenical Temple
  5716 | Temple   | Became a worshipper of Ashenzari the Shackled
  6045 | D:5      | Reached skill level 7 in Summonings
  6112 | D:5      | Learned a level 3 spell: Summon Guardian Golem
  6466 | D:6      | Noticed a yak
  6466 | D:6      | Noticed a yak
  6466 | D:6      | Noticed a yak
  6637 | D:6      | Reached skill level 1 in Hexes
  7106 | D:6      | Reached XP level 9. HP: 61/66 MP: 12/15
  7247 | D:6      | Noticed Maggie
  7271 | D:6      | Killed Maggie
  7383 | D:6      | Reached skill level 5 in Fighting
  7413 | D:6      | Reached skill level 5 in Stealth
  7413 | D:6      | Reached skill level 8 in Summonings
  7870 | D:6      | Found Haenath's Assorted Antiques.
  7877 | D:6      | Bought a scintillating steel amulet for 135 gold pieces
  7877 | D:6      | Identified the amulet of Ydyumoas {Spirit -Tele Harm Dex+2}
                  | (You bought it in a shop on level 6 of the Dungeon)
  8403 | D:7      | Found a flagged portal.
  8467 | Bailey   | Entered a bailey
  8497 | Bailey   | Reached skill level 1 in Polearms
  8497 | Bailey   | Reached skill level 5 in Spellcasting
  8852 | Bailey   | Reached XP level 10. HP: 38/74 MP: 1/17
  9094 | Bailey   | Found an iron altar of Okawaru.
  9410 | D:7      | Identified the +5 great sword "Firaev" {elec, rC++}
  9410 | D:7      | Identified the ring "Goseqiga" {Fire rElec rN+}
  9459 | D:7      | Noticed a seven-headed hydra
  9766 | D:7      | Noticed Pikel
  9770 | D:7      | Found Qugab's General Store.
  9781 | D:7      | Killed Pikel
  9782 | D:7      | Reached skill level 9 in Summonings
  9782 | D:7      | Reached skill level 5 in Air Magic
  9995 | D:7      | Noticed a seven-headed hydra
 10000 | D:7      | Killed a seven-headed hydra
 10063 | D:7      | Noticed Prince Ribbit
 10155 | D:7      | Killed Prince Ribbit
 10289 | D:7      | Reached * piety under Ashenzari
 10294 | D:7      | Killed a seven-headed hydra
 10295 | D:7      | Reached skill level 1 in Evocations
 10295 | D:7      | Reached XP level 11. HP: 83/83 MP: 8/20
 10430 | D:7      | Found an iron altar of Okawaru.
 10492 | D:7      | Found the +2 hat of the Bear Spirit {Spirit, *Rage Will++}
 10583 | D:7      | Found a broken altar of Ashenzari.
 10748 | D:7      | Found an ornate altar of the Wu Jian Council.
 10749 | D:7      | Found a basalt altar of Yredelemnul.
 10808 | D:7      | Reached skill level 5 in Polearms
 10837 | D:7      | Noticed a four-headed hydra
 10841 | D:7      | Noticed a deep elf pyromancer
 10845 | D:7      | Killed a four-headed hydra
 10865 | D:7      | Killed a deep elf pyromancer
 11097 | D:8      | Reached skill level 10 in Summonings
 11269 | D:8      | Reached ** piety under Ashenzari
 12455 | D:9      | Identified the cursed +0 pair of boots "Tethered Loss"
                  | {Bglg, Range} (You found it on level 3 of the Dungeon)
 12553 | D:9      | Found Esirimi's Fire Supplies.
 12659 | D:9      | Noticed Erica
 12681 | D:9      | Killed Erica
 12875 | D:9      | Found a staircase to the Lair.
 12885 | D:9      | Reached skill level 5 in Dodging
 12992 | D:10     | Entered Level 10 of the Dungeon
 13141 | D:10     | Noticed a cyclops
 13182 | D:10     | Found a sacrificial altar of Ru.
 13185 | D:10     | Identified the +5 scale mail of Greed {-Tele +Inv rCorr
                  | Int-5}
 13253 | D:10     | Killed a cyclops
 13254 | D:10     | Reached XP level 12. HP: 92/92 MP: 12/22
 13340 | D:10     | Found a large runed translucent door.
 13340 | D:10     | Found a large runed translucent door.
 13348 | D:10     | Noticed a two-headed ogre
 13348 | D:10     | Noticed a two-headed ogre
 13364 | D:10     | Killed a two-headed ogre
 13663 | D:10     | Found a large runed translucent door.
 13663 | D:10     | Found a large runed translucent door.
 13675 | D:10     | Noticed a centaur warrior
 13691 | D:10     | Noticed a two-headed ogre
 13697 | D:10     | Killed a two-headed ogre
 13716 | D:10     | Killed a two-headed ogre
 13741 | D:10     | Noticed a soul eater
 14159 | D:10     | Mangled by a freezing wraith

Illustrated notes

Levels and vault maps discovered:
D:1:      dpeg_arrival_arbitrary_c, layout_loops_corners,
          hellmonk_ecumenical_altar_inner_sanctum
D:2:      layout_basic, serial_shops, shop
D:3:      layout_basic
D:4:      layout_cave_pods
D:5:      minmay_recursive_quarters, layout_loops_corners, temple_statues,
          serial_aquarium, aquarium_bridge_square [aquarium_subvault_bridge,
          aquarium_subvault_bridge, aquarium_subvault_bridge,
          aquarium_subvault_wall], aquarium_window_1, aquarium_window_fake,
          aquarium_view_2b, aquarium_balcony_double_4, serial_shops, shop,
          portal_sewer_entry_e, uniq_grinder
D:6:      layout_basic, serial_shops, shop, nicolae_titane, uniq_maggie
D:7:      minmay_the_grid_octo_2x2 [minmay_the_grid_octo_clover_2,
          minmay_the_grid_octo_shrine, minmay_the_grid_octo_tetromino_candy,
          minmay_the_grid_octo_prize_big_c], layout_cave_pools, serial_shops,
          shop, serial_column_ruins, column_ruins_open_tiny,
          column_ruins_grid_1, column_ruins_open_tiny, column_ruins_open_large,
          enter_bailey_8, dk_noncrumbling_4, uniq_prince_ribbit1, uniq_pikel
D:8:      layout_rooms, grunt_decor_mini_mirrors, st_stairs_4
D:9:      layout_roguey, lair_entry_dummy, corexii_leaking_fountain,
          nicolae_shop_fire_sale [nicolae_sub_dead_trees], serial_bayou_ford_a,
          uniq_erica
D:10:     layout_basic, mainiacjoe_overflow_cross_hatched,
          minmay_hollow_rounded_squares
Temple:   minmay_crystal_snake_temple

Skill      XL: |  1  2  3  4  5  6  7  8  9 10 11 12 |
---------------+-------------------------------------+-----
Fighting       | 1 2 3 4 5 6 8 |  8.6
Spellcasting   | 3 4 5 6 7 |  7.5
Summonings     | 5 6 7 8 9 10 | 10.8
Dodging        | 3 4 5 6 |  6.4
Air Magic      | 1 2 3 4 5 |  5.7
Stealth        | 3 4 5 6 7 8 |  8.3
Hexes          | 2 3 |  3.5
Polearms       | 2 4 6 |  6.2
Evocations     | 1 4 |  4.7

Action                   |  1- 3 |  4- 6 |  7- 9 | 10-12 || total
-------------------------+-------+-------+-------+-------++-------
Melee: Dagger            |    46 |    11 |       |       ||    57
       Unarmed           |     1 |       |     6 |       ||     7
       Staff             |     4 |    20 |    85 |       ||   109
       Punch             |       |       |     2 |       ||     2
       Tailslap          |       |       |     1 |       ||     1
       Trident           |       |       |    14 |    59 ||    73
       Halberd           |       |       |       |    23 ||    23
 Cast: Summon Small Mamm |    51 |    23 |    96 |    80 ||   250
       Call Canine Famil |       |     8 |    53 |    49 ||   110
       Summon Guardian G |       |       |     9 |    46 ||    55
       Summon Lightning  |       |       |     1 |    28 ||    29
       Swiftness         |       |       |       |     1 ||     1
       Shock             |       |       |       |     2 ||     2
Invok: Curse Item        |       |       |     1 |     3 ||     4
Evoke: Wand              |       |       |       |     1 ||     1
  Use: Scroll            |    14 |     2 |     3 |     2 ||    21
       Potion            |     1 |       |       |     8 ||     9
 Stab: Sleeping          |     1 |       |       |     1 ||     2
       Distracted        |       |     1 |     3 |     2 ||     6
Armor: Robe              |    17 |    11 |    71 |    40 ||   139
Dodge: Dodged            |    43 |    22 |   118 |   112 ||   295
       Repelled          |       |       |       |     3 ||     3
